 Dungeon Sprint DCSS version 0.31-a0-18-gea43df2a32 (webtiles) character file.

Game seed: 14102403833900425601

33892 sircluck the Wrestler (level 13, -15/111 (123) HPs)
             Began as a Troll Berserker on May 11, 2023.
             Was the Champion of Trog.
             Killed from afar by a Tzitzimitl (71 damage)
             ... with a bolt of negative energy
             ... summoned by a deep elf demonologist
             ... in the Dungeon (Sprint III: "The Ten Rune Challenge").
             The game lasted 00:21:45 (2932 turns).

sircluck the Wrestler (Troll Berserker)             Turns: 2932, Time: 00:21:45

HP:   -15/111 (123) AC: 12    Str: 32    XL:     13   Next: 39%
MP:   12/12         EV: 28    Int:  3    God:    Trog [******]
Gold: 3576          SH: 11    Dex:  9    Spells: 12/12 levels left

rFire   . .          .
                       - Unarmed
rCold   + . .        s - +1 kite shield {reflect}
rNeg    . . .        j - +2 robe {Will+}
rPois   +            b - +2 hat {Will+}
rElec   .            l - +0 cloak
rCorr   .            (gloves unavailable)
SInv    .            (boots unavailable)
Will    ++...        i - amulet of the acrobat
Stlth   +++          w - ring of poison resistance
HPRegen 1.18/turn    x - ring of flight
MPRegen 0.13/turn

%: no teleportation, reflection, acrobat
@: acrobatic, flying, studying Fighting, drained
A: large, unfitting armour, claws 3, regeneration 1, shaggy fur 2, tough skin 1,
iridescent scales 1, cold resistance 1, frail 1
a: Renounce Religion, Berserk, Trog's Hand, Brothers in Arms


You were in the Dungeon.
You worshipped Trog.
Trog was exalted by your worship.
You visited 1 branch You collected 3873 gold pieces.
You spent 297 gold pieces at shops.

Inventory:

Missiles
 t - 5 curare-tipped darts (quivered)
 y - 3 boomerangs of dispersal
Armour
 a - a +0 animal skin
 b - a +2 hat of willpower (worn)
 j - a +2 robe of willpower (worn)
 l - a +0 cloak (worn)
 s - a +1 kite shield of reflection (worn)
Jewellery
 i - an amulet of the acrobat (around neck)
 w - a ring of poison resistance (left claw)
 x - a ring of flight (right claw)
Wands
 k - a wand of flame (49)
 v - a wand of charming (4)
Scrolls
 c - a scroll of enchant weapon {unknown}
 h - 14 scrolls of identify
 n - 3 scrolls of torment
 p - a scroll of poison {unknown}
Potions
 d - 2 potions of haste
 e - 2 potions of magic
 f - a potion of berserk rage
 g - a potion of attraction {unknown}
 m - 4 potions of mutation
 o - 4 potions of flight
 q - a potion of might
 u - a potion of resistance
Miscellaneous
 r - a tin of tremorstones (2/2)


   Skills:
 + Level 11.3 Fighting
 + Level 2.1 Throwing
 + Level 14.8 Dodging
 + Level 5.3 Stealth
 + Level 9.8 Shields
 + Level 25.8 Unarmed Combat
 + Level 0.6 Evocations


You had 12 spell levels left.
You didn't know any spells.
Your spell library was empty.

Dungeon Overview and Level Annotations

Branches:
Dungeon (1/1)

Altars:
Cheibriados
Dithmenos
Elyvilon
Fedhas
Gozag
Hepliaklqana
Kikubaaqudgha
Makhleb
Nemelex Xobeh
Okawaru
Qazlal
Ru
Sif Muna
Trog
Uskayaw
Vehumet
Wu Jian
Xom
Yredelemnul
Zin
The Shining One
Jiyva
Lugonu

Shops:
D =[[==*!?[(:(

Annotations:
D exclusion: 2 statues


Innate Abilities, Weirdness & Mutations

You are too large for most types of armour.
You have claws for hands.
Your natural rate of healing is unusually fast.
You are covered in thick fur. (AC +2)
You have tough skin. (AC +1)
You are partially covered in iridescent scales. (AC +2)
Your flesh is cold resistant. (rC+)
You are frail. (-10% HP)


Message History

The deep elf demonologist is wearing a +0 robe of poison resistance.
The Tzitzimitl roars!
The deep elf demonologist shouts!
You hear a shout!
The deep elf demonologist gestures wildly while chanting.
A deep elf annihilator comes into view.
The deep elf blademaster hits you!
You block the deep elf blademaster's attack.
The deep elf annihilator moves out of view.
You closely miss the deep elf blademaster.
The deep elf blademaster closely misses you.
You block the deep elf blademaster's attack.
You closely miss the deep elf blademaster.
The deep elf blademaster hits you but does no damage.
The deep elf blademaster misses you.
You scratch the deep elf blademaster.
The deep elf blademaster is lightly wounded.
The deep elf demonologist casts a spell.
A deep elf pyromancer comes into view.
It is wielding the +4 hand axe "Okafito" {heavy, rElec rN+ Will- Str+4} and wearing a +0 robe of cold resistance.
You block the deep elf blademaster's attack.
The deep elf blademaster hits you.
You miss the deep elf blademaster.
The deep elf blademaster is lightly wounded.
The Tzitzimitl calls on the powers of darkness!
Your body is wracked with pain!
The deep elf demonologist convulses!
The deep elf blademaster convulses!
The deep elf pyromancer convulses!
The deep elf pyromancer shouts!
The deep elf death mage convulses!
The deep elf demonologist convulses!
The deep elf blademaster attacks as you move away!
The deep elf blademaster closely misses you.
The deep elf blademaster hits you.
The shadow demon gestures.
You see a puff of smoke.
The Tzitzimitl gestures at you. The bolt of negative energy misses you.
The deep elf pyromancer gestures wildly while chanting.
The deep elf pyromancer blinks!
The deep elf demonologist casts a spell.
The Tzitzimitl gestures at you. The bolt of negative energy hits you!!!
You feel drained.
Ouch! That really hurt!
You die...

▓▓▓▓ ▓▓▓▓▓
.#.###.#.#################*******
..)...#∩..).#...##ee..'...,,,**,,
..........#)#...##≈≈≈1##.,**,**,,
......)...#)#...@≈≈.......,*,**,,
..)...)...#.#...##≈3≈≈##e.**,**,,
)#[#...#.##.'...##2eee'.e,,,,**,,
)))######.###############******,,
'###########################***,,
)[[.#.#.#...))#.....))...~≈#,**,,
#[#).#.##.###)#.^...^#...~≈###***
##[#.#.##)#..##....^.#...~≈≈≈#*,,
)).#..#..##..'....^.^#...~~~~#*,*


You could see a Tzitzimitl (summoned), a deep elf death mage, a soul eater
(summoned), 2 deep elf demonologists and a deep elf high priest.

Vanquished Creatures
  Rupert (D)
  Frances (D)
  Donald (D)
  Azrael (D)
  Erolcha (D)
  2 yaktaur captains (D)
  2 centaur warriors (D)
  4 dancing weapons (D)
  4 death yaks (D)
  Urug (D)
  A deep elf knight (D)
  A sea snake (shapeshifter) (D)
  A skeletal warrior (D)
  2 deep elf pyromancers (D)
  2 deep elf zephyrmancers (D)
  A lindwurm (D)
  An orc knight (D)
  2 crystal guardians (D)
  An ugly thing (D)
  2 orc sorcerers (D)
  An elephant (D)
  2 black mambas (D)
  2 cane toads (D)
  2 yaktaurs (D)
  A rime drake (D)
  A komodo dragon (D)
  2 tyrant leeches (D)
  A queen bee (D)
  4 spriggan defenders (D)
  3 orc high priests (D)
  3 wandering mushrooms (D)
  8 blink frogs (D)
  A slime creature (D)
  A shadow (D)
  5 redbacks (D)
  A spatial vortex (D)
  A floating eye (D)
  A swamp drake (D)
  2 orc warriors (D)
  5 two-headed ogres (D)
  A necrophage (D)
  A water elemental (D)
  25 killer bees (D)
  4 orc priests (D)
  A jelly (D)
  Crazy Yiuf (D)
  Jessica (D)
  A wizard (D)
  A necromancer (D)
  3 humans (D)
  A kobold demonologist (D)
  A swamp drake simulacrum (D)
  10 orcs (D)
  An endoplasm (D)
  2 rats (D)
133 creatures vanquished.

Vanquished Creatures (collateral kills)
  Gastronok (D)
  2 dire elephants (D)
  A fire dragon (D)
  An obsidian statue (D)
  2 crystal guardians (D)
  An elephant (D)
  7 killer bees (D)
15 creatures vanquished.

Grand Total: 148 creatures vanquished

Notes
Turn   | Place    | Note
-------+----------+-------------------------------------------
     0 | D        | sircluck the Troll Berserker began the quest for the Orb.
     0 | D        | Reached XP level 1. HP: 22/22 MP: 0/0
    29 | D        | Reached ** piety under Trog
    37 | D        | Noticed Jessica
    40 | D        | Killed Jessica
    41 | D        | Reached skill level 4 in Unarmed Combat
    41 | D        | Reached XP level 2. HP: 31/31 MP: 1/1
    41 | D        | Reached XP level 3. HP: 37/37 MP: 2/2
    78 | D        | Reached skill level 5 in Unarmed Combat
   102 | D        | Noticed Crazy Yiuf
   104 | D        | Killed Crazy Yiuf
   104 | D        | Reached *** piety under Trog
   105 | D        | Reached XP level 4. HP: 48/48 MP: 3/3
   150 | D        | Noticed a water elemental
   154 | D        | Killed a water elemental
   155 | D        | Reached skill level 5 in Dodging
   155 | D        | Reached skill level 7 in Unarmed Combat
   226 | D        | Found a basalt altar of Yredelemnul.
   226 | D        | Found a shadowy altar of Dithmenos.
   226 | D        | Found a sacrificial altar of Ru.
   226 | D        | Noticed a necrophage
   231 | D        | Reached skill level 5 in Fighting
   231 | D        | Reached XP level 5. HP: 56/57 MP: 4/4
   237 | D        | Reached skill level 8 in Unarmed Combat
   256 | D        | Found a radiant altar of Vehumet.
   256 | D        | Found a shimmering blue altar of Sif Muna.
   256 | D        | Found an ancient bone altar of Kikubaaqudgha.
   260 | D        | Reached **** piety under Trog
   261 | D        | Noticed a rust devil
   281 | D        | Found a hide-covered altar of Uskayaw.
   281 | D        | Found an iron altar of Okawaru.
   281 | D        | Found a bloodstained altar of Trog.
   281 | D        | Found an ornate altar of the Wu Jian Council.
   281 | D        | Noticed a human
   282 | D        | Noticed a human
   285 | D        | Killed a human
   286 | D        | Reached skill level 10 in Unarmed Combat
   286 | D        | Reached XP level 6. HP: 41/68 MP: 5/5
   291 | D        | Killed a human
   292 | D        | Reached XP level 7. HP: 27/76 MP: 6/6
   336 | D        | Found a glowing silver altar of Zin.
   336 | D        | Found a glowing golden altar of the Shining One.
   336 | D        | Found a white marble altar of Elyvilon.
   337 | D        | Noticed a deep elf pyromancer
   346 | D        | Killed a deep elf pyromancer
   346 | D        | Reached ***** piety under Trog
   347 | D        | Reached skill level 12 in Unarmed Combat
   367 | D        | Noticed a shadow
   372 | D        | Reached XP level 8. HP: 76/88 MP: 7/7
   393 | D        | Found a blossoming altar of Fedhas.
   393 | D        | Found a stormy altar of Qazlal.
   393 | D        | Found a snail-covered altar of Cheibriados.
   393 | D        | Found a burning altar of Makhleb.
   393 | D        | Found a shimmering altar of Xom.
   394 | D        | Found a hazy altar of Hepliaklqana.
   394 | D        | Found an opulent altar of Gozag.
   394 | D        | Found a sparkling altar of Nemelex Xobeh.
   394 | D        | Found a corrupted altar of Lugonu.
   394 | D        | Found a viscous altar of Jiyva.
   400 | D        | Reached skill level 13 in Unarmed Combat
   444 | D        | Noticed a two-headed ogre
   452 | D        | Killed a two-headed ogre
   453 | D        | Reached skill level 14 in Unarmed Combat
   499 | D        | Noticed Erolcha
   499 | D        | Noticed a two-headed ogre
   511 | D        | Killed Erolcha
   512 | D        | Reached skill level 15 in Unarmed Combat
   512 | D        | Reached XP level 9. HP: 87/97 MP: 8/8
   515 | D        | Killed a two-headed ogre
   515 | D        | Reached ****** piety under Trog
   515 | D        | Received a gift from Trog
   524 | D        | Reached skill level 16 in Unarmed Combat
   556 | D        | Noticed a wandering mushroom
   581 | D        | Reached skill level 10 in Dodging
   581 | D        | Noticed a wandering mushroom
   583 | D        | Noticed a wandering mushroom
   595 | D        | Killed a wandering mushroom
   622 | D        | Noticed Donald
   622 | D        | Noticed Frances
   629 | D        | Killed Frances
   629 | D        | Received a gift from Trog
   630 | D        | Reached skill level 17 in Unarmed Combat
   630 | D        | Reached XP level 10. HP: 80/109 MP: 9/9
   632 | D        | Killed Donald
   633 | D        | Reached skill level 18 in Unarmed Combat
   685 | D        | Noticed a cane toad
   685 | D        | Noticed a cane toad
   686 | D        | Killed a cane toad
   690 | D        | Killed a cane toad
   691 | D        | Reached skill level 10 in Fighting
   691 | D        | Reached skill level 19 in Unarmed Combat
   710 | D        | Received a gift from Trog
   798 | D        | Received a gift from Trog
   800 | D        | Reached skill level 1 in Stealth
   812 | D        | Reached skill level 20 in Unarmed Combat
   819 | D        | Received a gift from Trog
   831 | D        | Reached XP level 11. HP: 100/118 MP: 10/10
   837 | D        | Received a gift from Trog
   842 | D        | Reached skill level 1 in Shields
   987 | D        | Received a gift from Trog
  1008 | D        | Noticed Rupert
  1014 | D        | Killed Rupert
  1015 | D        | Reached skill level 21 in Unarmed Combat
  1019 | D        | Noticed an azure jelly
  1019 | D        | Noticed an azure jelly
  1019 | D        | Noticed an azure jelly
  1019 | D        | Noticed an azure jelly
  1051 | D        | Noticed a death yak
  1051 | D        | Noticed a death yak
  1053 | D        | Noticed a death yak
  1056 | D        | Killed a death yak
  1058 | D        | Noticed a death yak
  1066 | D        | Killed a death yak
  1068 | D        | Killed a death yak
  1069 | D        | Reached skill level 5 in Shields
  1071 | D        | Killed a death yak
  1071 | D        | Received a gift from Trog
  1095 | D        | Reached skill level 22 in Unarmed Combat
  1095 | D        | HP: 2/119 [blink frog (9)]
  1097 | D        | Gained mutation: You are covered in thick fur. (AC +2)
                  | [potion of mutation]
  1097 | D        | Gained mutation: Your flesh is cold resistant. (rC+)
                  | [potion of mutation]
  1097 | D        | Gained mutation: You are frail. (-10% HP) [potion of
                  | mutation]
  1097 | D        | Gained mutation: You are partially covered in iridescent
                  | scales. (AC +2) [potion of mutation]
  1100 | D        | HP: 5/160 [poisoned by a black mamba]
  1215 | D        | Noticed an ice dragon
  1215 | D        | Noticed an ice dragon
  1216 | D        | Received a gift from Trog
  1278 | D        | Noticed a dire elephant
  1278 | D        | Noticed a dire elephant
  1278 | D        | Noticed Gastronok
  1296 | D        | Killed a dire elephant
  1299 | D        | Killed a dire elephant
  1300 | D        | Reached XP level 12. HP: 104/115 MP: 11/11
  1304 | D        | Killed Gastronok
  1362 | D        | Reached skill level 23 in Unarmed Combat
  1371 | D        | Received a gift from Trog
  1378 | D        | Noticed Urug
  1383 | D        | Killed Urug
  1416 | D        | Noticed a six-headed hydra
  1416 | D        | Noticed a five-headed hydra
  1507 | D        | Found Zulat's Jewellery Shop.
  1515 | D        | Received a gift from Trog
  1546 | D        | Received a gift from Trog
  1774 | D        | Received a gift from Trog
  1849 | D        | Reached skill level 24 in Unarmed Combat
  2037 | D        | Found Lameu's Distillery.
  2037 | D        | Found Wuesaq's Antique Armour Shop.
  2037 | D        | Found Besmi's Jewellery Boutique.
  2037 | D        | Found Mirghuy's General Store.
  2037 | D        | Found Bolinon's Magic Scroll Emporium.
  2037 | D        | Found Kywko's Jewellery Shoppe.
  2037 | D        | Found Hiuneuf's Antique Weapon Shop.
  2037 | D        | Found Atet's Armour Shop.
  2037 | D        | Found Puorag's Book Emporium.
  2037 | D        | Found Anoprid's Armour Emporium.
  2037 | D        | Found Qarchameff's Weapon Boutique.
  2081 | D        | Bought a scroll of magic mapping for 105 gold pieces
  2141 | D        | Identified the +9 executioner's axe "Gexaf" {flame, Str+5
                  | Dex-3} (Trog gifted it to you in the Dungeon)
  2141 | D        | Received a gift from Trog
  2241 | D        | Noticed a centaur warrior
  2244 | D        | Killed a centaur warrior
  2298 | D        | Noticed a centaur warrior
  2305 | D        | Killed a centaur warrior
  2315 | D        | Noticed a fire dragon
  2319 | D        | Killed a fire dragon
  2324 | D        | Reached XP level 13. HP: 123/123 MP: 12/12
  2370 | D        | Reached skill level 25 in Unarmed Combat
  2371 | D        | Received a gift from Trog
  2597 | D        | Bought a ring of flight for 192 gold pieces
  2613 | D        | Reached skill level 1 in Throwing
  2655 | D        | Identified the ring of Ytisch {Drain rN+ rCorr AC+4}
  2656 | D        | Identified the +6 scimitar of Qakhlun {venom, rElec rPois
                  | Int-2 Stlth+}
  2656 | D        | Noticed a deep elf demonologist
  2674 | D        | Noticed a deep elf blademaster
  2740 | D        | Reached skill level 5 in Stealth
  2828 | D        | Noticed Azrael
  2832 | D        | Killed Azrael
  2837 | D        | Acquired a manual of Fighting
  2903 | D        | Received a gift from Trog
  2925 | D        | Noticed a Tzitzimitl
  2925 | D        | Noticed a deep elf demonologist
  2925 | D        | Noticed a deep elf death mage
  2926 | D        | Noticed a deep elf annihilator
  2929 | D        | Identified the +4 hand axe "Okafito" {heavy, rElec rN+
                  | Will- Str+4}
  2932 | D        | Killed from afar by a Tzitzimitl

Illustrated notes

Levels and vault maps discovered:
D:        dungeon_sprint_mu [sprint_mu_entry_cave, sprint_mu_temple_rooms,
          sprint_mu_d1_spiders, sprint_mu_d2_genie, sprint_mu_d3_branching,
          sprint_mu_orc_legion, sprint_mu_elf_gauntlet, sprint_mu_hive_nellie,
          sprint_mu_lair_fedhas, sprint_mu_vaults_butterflies,
          sprint_mu_slime_circle, sprint_mu_swamp_cave, sprint_mu_snake_twists,
          sprint_mu_blade_basic, sprint_mu_crypt_chambers,
          sprint_mu_tomb_spiral, sprint_mu_vestibule_basic,
          sprint_mu_gehenna_hellfire, sprint_mu_dis_giant,
          sprint_mu_tartarus_statrot, sprint_mu_cocytus_islands, sprint_mu_zot1]

Skill      XL: |  1  2  3  4  5  6  7  8  9 10 11 12 13 |
---------------+----------------------------------------+-----
Fighting       | 3 4 5 6 7 8 9 10 11 | 11.3
Dodging        | 3 4 5 6 7 8 9 10 11 12 14 | 14.8
Unarmed Combat | 4 5 7 10 12 15 17 20 22 24 25 | 25.8
Stealth        | 1 2 4 5 |  5.3
Shields        | 6 8 9 |  9.8
Throwing       | 2 |  2.1
Evocations     | |  0.6

Action                     |  1- 3 |  4- 6 |  7- 9 | 10-12 | 13-15 || total
---------------------------+-------+-------+-------+-------+-------++-------
  Melee: Unarmed           |    26 |    31 |    67 |   284 |    63 ||   471
         Punch             |       |     1 |     7 |       |       ||     8
  Throw: Dart              |       |       |       |       |     7 ||     7
 Invoke: Berserk           |       |     1 |     2 |     5 |     1 ||     9
         Brothers in Arms  |       |       |       |     9 |       ||     9
  Evoke: Tin of tremorston |       |       |       |     1 |       ||     1
    Use: Potion            |       |       |       |     6 |       ||     6
         Scroll            |       |       |       |     2 |     1 ||     3
   Stab: Sleeping          |       |       |       |     7 |     1 ||     8
         Distracted        |       |       |       |     1 |     1 ||     2
 Armour: Animal skin       |     3 |     6 |     4 |    24 |       ||    37
         Robe              |       |       |       |    10 |     5 ||    15
  Dodge: Dodged            |     7 |    12 |    33 |   123 |    17 ||   192
  Block: Kite shield       |       |       |       |    84 |    16 ||   100
         Reflection        |       |       |       |     2 |     4 ||     6

Table legend: (Time is in decaauts)
 A = Elapsed time spent in this place.
 B = Non-inter-level travel time spent in this place.
 C = Inter-level travel time spent in this place.
 D = Time resting spent in this place.
 E = Time spent auto-exploring this place.
 F = Levels seen in this place.
 G = Mean time per level.
                   A        B        C        D        E       F      G
               +--------+--------+--------+--------+--------+-----+--------+
         Total |   2885 |   2505 |    380 |    683 |    312 |   1 | 2885.0 |
       Dungeon |   2885 |   2505 |    380 |    683 |    312 |   1 | 2885.0 |
               +--------+--------+--------+--------+--------+-----+--------+

Top non-repeatable levels by time:
       D: 2885 daAuts
